 Dungeon Crawl Stone Soup version 0.28.0-1-gb440e238dd (webtiles) character file.

Game seed: 15167290334462299574

729 trckry the Caller (level 7, -10/59 HPs)
             Began as an Ogre Summoner on Feb 19, 2022.
             Mangled by Prince Ribbit (16 damage)
             ... on level 6 of the Dungeon.
             The game lasted 00:18:37 (6449 turns).

trckry the Caller (Ogre Summoner)                   Turns: 6449, Time: 00:18:38

Health: -10/59     AC:  4    Str: 13    XL:     7   Next: 73%
Magic:  22/23      EV:  9    Int: 18    God:
Gold:   271        SH:  0    Dex:  9    Spells: 5/15 levels left

rFire   . . .      SeeInvis .   j - +2 short sword (venom)
rCold   . . .      Faith    .   (no shield)
rNeg    . . .      Spirit   .   a - +0 robe
rPois   .          Reflect  .   (helmet restricted)
rElec   .          Harm     .   l - +0 cloak
rCorr   .          Rampage  .   (gloves unavailable)
Will    .....                   (boots unavailable)
Stlth   +.........              (no amulet)
HPRegen 0.19/turn               g - ring of magical power
MPRegen 0.18/turn               (no ring)

@: no status effects
A: large, unfitting armour, tough skin 1
a: no special abilities


You were on level 6 of the Dungeon.
You visited 2 branches of the dungeon, and saw 7 of its levels.

You collected 283 gold pieces.
You spent 12 gold pieces at shops.

Inventory:

Hand Weapons
 j - a +2 short sword of venom (weapon)
Missiles
 k - 8 poisoned darts (quivered)
Armour
 a - a +0 robe (worn)
 b - quicksilver dragon scales
 l - a +0 cloak (worn)
Jewellery
 g - a ring of magical power (left hand)
 B - an amulet of faith
Wands
 n - a wand of mindburst (5)
 s - a wand of digging (5)
 t - a wand of iceblast (11)
Scrolls
 f - a scroll of vulnerability {unknown}
 h - 2 scrolls of enchant armour {unknown}
 i - a scroll of holy word {unknown}
 m - a scroll of amnesia {unknown}
 q - a scroll of magic mapping {unknown}
 u - 3 scrolls of identify {unknown}
 x - a scroll of noise {unknown}
 y - a scroll of teleportation {unknown}
Potions
 c - a potion of invisibility {unknown}
 d - 2 potions of lignification {unknown}
 e - a potion of mutation {unknown}
 o - a potion of cancellation {unknown}
 p - a potion of attraction {unknown}
 r - 2 potions of brilliance {unknown}
 v - a potion of resistance {unknown}
 w - 2 potions of flight {unknown}
 z - a potion of curing {unknown}
 A - a potion of degeneration {unknown}


   Skills:
 + Level 2.9 Armour
 - Level 1.7 Dodging
 - Level 1.4 Stealth
 + Level 4.9 Spellcasting
 * Level 6.3 Summonings
 + Level 1.7 Air Magic


You had 5 spell levels left.
You knew the following spells:

 Your Spells              Type           Power      Damage    Failure   Level
a - Summon Small Mammal   Summ           100%       N/A       1%          1
b - Call Imp              Summ           27%        N/A       1%          2
c - Call Canine Familiar  Summ           27%        N/A       3%          3
d - Summon Lightning Spi  Summ/Air       19%        N/A       26%         4

Your spell library contained the following spells:

 Spells                   Type           Power      Damage    Failure   Level
 Summon Guardian Golem    Hex/Summ       15%        N/A       11%         3
 Magic Dart               Conj           16%        1d3       14%         1
 Sandblast                Erth           8%         2d5       14%         1
 Passwall                 Tmut/Erth      3%         N/A       21%         2
 Mephitic Cloud           Conj/Pois/Air  6%         N/A       32%         3
 Stone Arrow              Conj/Erth      8%         3d7       38%         3


Dungeon Overview and Level Annotations

Branches:
Dungeon (6/15)             Temple (1/1) D:5

Altars:
Ashenzari
Cheibriados
Dithmenos
Elyvilon
Fedhas
Gozag
Hepliaklqana
Makhleb
Okawaru
Trog
Uskayaw
Wu Jian
Xom
Yredelemnul
Zin
The Shining One

Shops:
D:2 :((

Annotations:
D:4 2 transporters, PerfectTommy's ghost, amateur DrWn
D:6 Prince Ribbit


Innate Abilities, Weirdness & Mutations

You are too large for most types of armour.
You have tough skin. (AC +1)


Message History

Prince Ribbit hits you!
Your crimson imp hits Prince Ribbit.
Prince Ribbit barely misses you.
You miss Prince Ribbit.
Prince Ribbit is moderately wounded.
Prince Ribbit hits you.
Your crimson imp blinks!
Casting: Call Imp (safe; 1% risk of failure)
Confirm with . or Enter, or press ? or * to list all spells.
Prince Ribbit hits you! x2
You miss Prince Ribbit.
Prince Ribbit is heavily wounded.
Your hound bites Prince Ribbit.
Prince Ribbit hops awkwardly around.
Prince Ribbit hits your hound.
Your hound closely misses Prince Ribbit.
Prince Ribbit blinks!
What are your orders? t - Shout!
Orders for allies: a - Attack new target. p - Attack previous target. r - Retreat! s - Stop attacking. g - Guard the area. f - Follow me.
Anything else - Cancel.
Gang up on whom?
Press: ? - help, Dir - move target, f/p - Prince Ribbit
Aim: Prince Ribbit (severely wounded, very poisoned, ally target) Attack!
Prince Ribbit blinks!
You swap places.
Prince Ribbit blinks!
Your hound bites Prince Ribbit.
Prince Ribbit hits your hound!
Your hound dies!
Your hound's corpse disappears in a puff of smoke!
Prince Ribbit blinks!
You closely miss Prince Ribbit.
Prince Ribbit is almost dead.
Prince Ribbit hits you!!
* * * LOW HITPOINT WARNING * * *
Your crimson imp hits Prince Ribbit.
Prince Ribbit hits you!
You die...

...# #..# #..# #. ..
#..#### #.###)# # #.....
......# #.####...###.##
#...... ##.....5........
......# .......F..######
#.#.#.# ##.####@..# ###
#)#.#.#
#.###.####...###.####.#.#.#
.........>...............<.
#.###.#....................
# #.##.#.###.##.#.#.#.#
#.##.#..............#
#.............†.#...#
####...)).......+...+
#....)...#.###...#


You could see Prince Ribbit (very poisoned, ally target) and a friendly crimson
imp (summoned).

Vanquished Creatures
  An ogre (D:5)
  A scorpion (D:5)
  A howler monkey (D:5)
  A hound (D:5)
  A bullfrog skeleton (D:5)
  An iguana (D:6)
  3 gnolls
  6 adders
  An ufetubus (D:5)
  A worm (D:2)
  An orc (D:5)
  5 ball pythons
  9 endoplasms
  A goblin (D:3)
  7 hobgoblins
  8 kobolds
  2 quokkas (D:2)
  4 bats (D:3)
  5 frilled lizards
  3 rats
62 creatures vanquished.

Vanquished Creatures (collateral kills)
  Eustachio (D:4)
  A wyvern skeleton (D:5)
  A hound (D:5)
  A gnoll shaman (D:4)
  An adder (D:4)
  3 gnolls
  An ufetubus (D:6)
  A dart slug (D:1)
  2 bats (D:1)
  An endoplasm (D:1)
  2 giant cockroaches (D:1)
  3 goblins (D:1)
  A hobgoblin (D:1)
  2 jackals (D:1)
  5 ball pythons
  7 kobolds
  6 rats (D:1)
39 creatures vanquished.

Vanquished Creatures (others)
  2 plants (D:1)
2 creatures vanquished.

Grand Total: 103 creatures vanquished

Notes
Turn   | Place    | Note
-------+----------+-------------------------------------------
     0 | D:1      | trckry the Ogre Summoner began the quest for the Orb.
     0 | D:1      | Reached XP level 1. HP: 16/16 MP: 3/3
   541 | D:1      | Reached XP level 2. HP: 24/24 MP: 2/5
   544 | D:1      | Learned a level 2 spell: Call Imp
   632 | D:1      | Reached skill level 4 in Summonings
   637 | D:1      | Found a faded altar of an unknown god.
  1035 | D:1      | Reached XP level 3. HP: 31/31 MP: 2/7
  1039 | D:1      | Learned a level 3 spell: Call Canine Familiar
  1731 | D:2      | Reached XP level 4. HP: 32/39 MP: 8/8
  1881 | D:2      | Reached skill level 1 in Armour
  1930 | D:2      | Found Veadaenn's Weapon Boutique.
  1996 | D:2      | Bought 3 poisoned darts for 12 gold pieces
  2103 | D:2      | Found Okhudem's Book Shop.
  2236 | D:2      | Found Cuom's Antique Weapon Shoppe.
  3235 | D:3      | Reached XP level 5. HP: 45/45 MP: 10/10
  3454 | D:3      | Learned a level 4 spell: Summon Lightning Spire
  3518 | D:4      | Noticed a necrophage
  3549 | D:4      | Noticed PerfectTommy's ghost (amateur DrWn)
  3549 | D:4      | Found a transporter.
  3552 | D:4      | Noticed Eustachio
  3649 | D:4      | Found a transporter.
  3749 | D:4      | Killed Eustachio
  3750 | D:4      | Reached skill level 5 in Summonings
  3750 | D:4      | Reached XP level 6. HP: 39/53 MP: 10/12
  4958 | D:5      | Entered Level 5 of the Dungeon
  5073 | D:5      | Found a staircase to the Ecumenical Temple.
  5082 | D:5      | Reached XP level 7. HP: 48/59 MP: 13/13
  5097 | Temple   | Entered the Ecumenical Temple
  5343 | D:5      | Reached skill level 1 in Air Magic
  5349 | D:5      | Reached skill level 6 in Summonings
  6207 | D:5      | Found a glowing golden altar of the Shining One.
  6423 | D:6      | Noticed Prince Ribbit
  6447 | D:6      | HP: 5/59 [Prince Ribbit (18)]
  6449 | D:6      | Mangled by Prince Ribbit

Illustrated notes

Levels and vault maps discovered:
D:1:      shiori_arrival_elements, layout_basic, serial_forest,
          infiniplex_forest_end_2, infiniplex_forest_straight_2,
          infiniplex_forest_corner_1, infiniplex_forest_lined_corner,
          infiniplex_forest_clump_curved, infiniplex_forest_end_2,
          infiniplex_forest_corner_2, shapermc_ecumenical_altar_pompeii,
          minmay_distorted
D:2:      layout_rooms, serial_shops, shop, nicolae_shop_bloodbath_and_beyond,
          nicolae_shop_window_shopping, hangedman_abyss_or_decor_lesser_grid,
          minmay_crystal_water, minmay_pentomino_r2
D:3:      layout_loops_cross
D:4:      layout_loops_ring, gammafunk_ghost_stat_death, uniq_eustachio
D:5:      layout_loops_corners, kennysheep_mini, minmay_temple_entry_glass
D:6:      layout_basic, lemuel_tele_altar, nicolae_shop_sticking_my_neck_out,
          uniq_prince_ribbit1, uniq_blork_the_orc
Temple:   regret_index_temple_waves

Skill      XL: |  1  2  3  4  5  6  7 |
---------------+----------------------+-----
Summonings     | 4 5 6 |  6.3
Spellcasting   | 3 4 |  4.9
Armour         | 1 2 |  2.9
Air Magic      | 1 |  1.7
Dodging        | |  1.7
Stealth        | |  1.4

Action                   |  1- 3 |  4- 6 |  7- 9 || total
-------------------------+-------+-------+-------++-------
Melee: Unarmed           |     2 |       |       ||     2
       Short sword       |    27 |   132 |    36 ||   195
       Punch             |       |     3 |       ||     3
Throw: Dart              |       |       |     5 ||     5
 Cast: Summon Small Mamm |    26 |       |       ||    26
       Call Imp          |    11 |     4 |     1 ||    16
       Call Canine Famil |     3 |    21 |     6 ||    30
 Stab: Sleeping          |     1 |     1 |       ||     2
       Distracted        |       |     1 |       ||     1
Armor: Robe              |    41 |    63 |    10 ||   114
Dodge: Dodged            |    41 |    74 |    23 ||   138
